 Dungeon Crawl Stone Soup version 0.22-a0-160-gcc81d7a (webtiles) character file.

217 Borgoz the Chopper (level 5, 0/48 HPs)
             Began as a Hill Orc Abyssal Knight on Feb 10, 2018.
             Was a Believer of Lugonu.
             Slain by a hippogriff (6 damage)
             ... on level 3 of the Dungeon.
             The game lasted 00:06:16 (3804 turns).

Borgoz the Chopper (Hill Orc Abyssal Knight)        Turns: 3804, Time: 00:06:17

Health: 0/48       AC:  3    Str: 15    XL:     5   Next: 94%
Magic:  6/6        EV: 12    Int: 12    God:    Lugonu [**....]
Gold:   109        SH:  0    Dex: 14    Spells: 4/4 levels left

rFire    + . .     SeeInvis .   a - +1 hand axe
rCold    . . .     Gourm    .   (no shield)
rNeg     . . .     Faith    .   b - +0 leather armour
rPois    .         Spirit   .   (no helmet)
rElec    .         Reflect  .   (no cloak)
rCorr    .         Harm     .   (no gloves)
MR       .....                  (no boots)
Stlth    +.........             k - amulet of the acrobat
HPRegen  0.16/turn              d - ring of protection from fire
MPRegen  0.10/turn              n - +3 ring of dexterity

@: flying, drained
A: no striking features
a: Depart the Abyss, Bend Space, Renounce Religion


You were on level 3 of the Dungeon.
You worshipped Lugonu.
Lugonu was pleased with you.
You were not hungry.

You visited 1 branch of the dungeon, and saw 3 of its levels.
You visited the Abyss 1 time.

You collected 109 gold pieces.

Inventory:

Hand Weapons
 a - a +1 hand axe (weapon)
Armour
 b - a +0 leather armour (worn)
Jewellery
 d - a ring of protection from fire (left hand)
 j - an uncursed ring of fire
 k - an amulet of the acrobat (around neck)
 n - a +3 ring of dexterity (right hand)
Scrolls
 e - a scroll of enchant armour {unknown}
 f - a scroll of fog {unknown}
 g - 2 scrolls of remove curse
 l - a scroll of teleportation {unknown}
 m - a scroll of identify
 o - a scroll of magic mapping {unknown}
Potions
 h - a potion of brilliance
 i - a potion of curing
Comestibles
 c - 6 rations
 p - 3 chunks of flesh


   Skills:
 + Level 5.0(4.9) Fighting
 + Level 5.9(5.8) Axes
 + Level 3.1(3.0) Armour
 + Level 1.5(1.4) Dodging
 + Level 2.4(2.3) Invocations


You had 4 spell levels left.
You didn't know any spells.

Dungeon Overview and Level Annotations

Branches:
Dungeon (3/15)

Altars:
Cheibriados
Kikubaaqudgha
Sif Muna


Message History

The hippogriff bites you!
* * * LOW HITPOINT WARNING * * *
The hippogriff closely misses you.
The hippogriff claws you but does no damage.
You hit the hippogriff but do no damage.
The hippogriff is lightly wounded.
The hippogriff bites you.
* * * LOW HITPOINT WARNING * * *
The hippogriff misses you. The hippogriff closely misses you.
You barely miss the hippogriff.
The hippogriff is lightly wounded.
The hippogriff bites you.
* * * LOW HITPOINT WARNING * * *
The hippogriff barely misses you. The hippogriff claws you.
* * * LOW HITPOINT WARNING * * *
You are too injured to fight recklessly!
It was a potion of flight.
You feel very buoyant.
You fly up into the air.
The hippogriff misses you. The hippogriff pecks you.
You die...

#..## #..#
#.)# #..# #..#
####..######
#.)..........
##.##..#######
######@..#..#
#.....(H.....#
#.####...)..##
#>###(..# ...
#..#.# ###.
..###.# #.
...# #..
###...# #.#
#.#.. .#


You could see a hippogriff.

Vanquished Creatures
  A vampire bat (D:2)
  An orc wizard (D:3)
  4 gnolls
  2 adders (D:2)
  An ooze (D:3)
  2 worms
  3 dart slugs (D:1)
  2 leopard geckos (D:1)
  2 orcs (D:3)
  A ball python (D:2)
  4 bats
  2 bat skeletons (D:2)
  5 bat zombies (D:2)
  A giant cockroach (D:1)
  8 goblins
  9 hobgoblins
  6 jackals
  3 kobolds
  3 quokkas
  A frilled lizard (D:1)
  10 rats
71 creatures vanquished.

Notes
Turn   | Place    | Note
-------+----------+-------------------------------------------
     0 | Abyss:1  | Borgoz the Hill Orc Abyssal Knight began the quest for the Orb.
     0 | Abyss:1  | Reached XP level 1. HP: 19/19 MP: 2/2
   181 | Abyss:1  | Found a corrupted altar of Lugonu.
   188 | Abyss:1  | Found a corrupted altar of Lugonu.
   198 | Abyss:1  | Noticed a raiju
   199 | Abyss:1  | Noticed a raiju
   205 | D:1      | Escaped the Abyss
   380 | D:1      | Reached skill level 1 in Dodging
   380 | D:1      | Reached XP level 2. HP: 14/27 MP: 3/3
   537 | D:1      | Found a snail-covered altar of Cheibriados.
   597 | D:1      | Reached * piety under Lugonu
   608 | D:1      | Reached XP level 3. HP: 27/33 MP: 4/4
  1745 | D:2      | Found a faded altar of an unknown god.
  1808 | D:2      | Reached XP level 4. HP: 41/41 MP: 5/5
  1836 | D:2      | Reached ** piety under Lugonu
  1888 | D:2      | Found an ancient bone altar of Kikubaaqudgha.
  1914 | D:2      | Reached skill level 5 in Axes
  2299 | D:2      | Reached XP level 5. HP: 43/47 MP: 6/6
  2564 | D:2      | Found a deep blue altar of Sif Muna.
  3045 | D:3      | Noticed a hippogriff
  3694 | D:3      | Reached skill level 5 in Fighting
  3804 | D:3      | Slain by a hippogriff

Vault maps used:
D:1:      dpeg_arrival_rooms_c, cheibriados_altar_1
D:2:      kennysheep_big_flooded_room, led_sif_pool, kennysheep_vampire_church,
          chequers_ecumenical_altar_simple
D:3:      nicolae_overflow_crystal_walls, tso_metal_star

Skill      XL: |  1  2  3  4  5 |
---------------+----------------+-----
Fighting       | 4 5 |  5.0
Dodging        | 1 |  1.5
Axes           | 3 4 5 |  5.9
Armour         | 3 |  3.1
Invocations    | |  2.4

Action                   |  1- 3 |  4- 6 || total
-------------------------+-------+-------++-------
Melee: Hand axe          |   115 |   136 ||   251
Invok: Depart the Abyss  |     1 |       ||     1
  Use: Scroll            |       |     3 ||     3
       Potion            |       |     2 ||     2
 Stab: Sleeping          |       |     1 ||     1
  Eat: Chunk             |     3 |     6 ||     9
Armor: Leather armour    |    14 |    46 ||    60
Dodge: Dodged            |    68 |   104 ||   172

Table legend:
 A = Spawn XP
 B = Non-spawn XP
 C = Spawn XP percentage of total XP
 D = Spawn monster count
 E = Non-spawn monster count
 F = Spawn count percentage of total count
 G = Total turns spent on level
                    A         B        C        D         E        F      G
               +---------+---------+-------+---------+---------+-------+---------
         Total |       0 |     310 |   0.0 |       0 |      71 |   0.0 |  3804
               +---------+---------+-------+---------+---------+-------+---------
           D:1 |       0 |      61 |   0.0 |       0 |      24 |   0.0 |  1024
           D:2 |       0 |     138 |   0.0 |       0 |      32 |   0.0 |  1762
           D:3 |       0 |     111 |   0.0 |       0 |      15 |   0.0 |   813
               +---------+---------+-------+---------+---------+-------+---------
